 Dungeon Crawl Stone Soup version 0.31-a0-133-gaae73658be (webtiles) character file.

Game seed: 13416472990366132932

11 zeez the Stinger (level 2, -1/15 HPs)
             Began as a Gargoyle Venom Mage on June 2, 2023.
             Slain by a goblin
             ... wielding a +0 club
             ... led by Robin
              (2 damage)
             ... on level 2 of the Dungeon.
             The game lasted 00:06:15 (301 turns).

zeez the Stinger (Gargoyle Venom Mage)               Turns: 301, Time: 00:06:15

Health: -1/15      AC:  7    Str: 11    XL:     2   Next: 29%
Magic:  5/5        EV: 10    Int: 15    God:
Gold:   7          SH:  0    Dex: 10    Spells: 4/5 levels left

rFire   . . .        f - +1 dagger (venom)
rCold   . . .        (no shield)
rNeg    + . .        j - +0 ring mail
rPois   ∞            (no helmet)
rElec   +            (no cloak)
rCorr   .            (no gloves)
SInv    .            (no boots)
Will    .....        (no amulet)
Stlth   +            (no ring)
HPRegen 0.22/turn    (no ring)
MPRegen 0.09/turn

%: no passive effects
@: no status effects
A: sickness immunity, AC +2, negative energy resistance 1, electricity
resistance, torment resistance 1, petrification resistance
a: no special abilities


You were on level 2 of the Dungeon.
You visited 1 branch of the dungeon, and saw 3 of its levels.

You collected 7 gold pieces.

Inventory:

Hand Weapons
 d - a +0 mace
 f - a +1 dagger of venom (weapon)
Missiles
 c - 5 poisoned darts (quivered)
 h - 6 boomerangs
 k - 12 stones
Armour
 a - a +0 robe
 i - a +0 robe
 j - a +0 ring mail (worn)
Scrolls
 e - a scroll of identify {unknown}
 g - a scroll of noise {unknown}
Potions
 b - a potion of magic
 l - a potion of might {unknown}


   Skills:
 + Level 0.1 Maces & Flails
 + Level 1.5 Dodging
 + Level 2.1 Stealth
 + Level 2.0 Spellcasting
 + Level 0.8 Transmutations
 + Level 3.6 Poison Magic


You had 4 spell levels left.
You knew the following spells:

 Your Spells              Type           Power      Damage    Failure   Level
a - Sting                 Tmut/Pois      32%        1d4       22%         1

Your spell library contained the following spells:

 Spells                   Type           Power      Damage    Failure   Level
 Poisonous Vapours        Pois/Air       12%        N/A       36%         2
 Mephitic Cloud           Conj/Pois/Air  5%         N/A       69%         3
 Olgreb's Toxic Radiance  Pois           12%        N/A       77%         4


Dungeon Overview and Level Annotations

Branches:
Dungeon (3/15)

Altars:

Annotations:
D:2 Robin


Innate Abilities, Weirdness & Mutations

You are immune to sickness and miasma.
Your stone body is resilient. (AC +2)
You are immune to poison.
You resist negative energy. (rN+)
You are resistant to electric shocks. (rElec)
You are resistant to unholy torment.
You are immune to petrification.


Message History

You hit the goblin.
You kill the goblin!
The goblin hits you but does no damage.
Robin roars a battlecry!
The goblins go into a battle-frenzy!
You hit the hobgoblin.
The hobgoblin is poisoned.
The hobgoblin is heavily wounded.
You kill the hobgoblin!
The goblin closely misses you. Robin closely misses you.
The goblin shoots a sling bullet.
The sling bullet hits you but does no damage.
Robin closely misses you.
The goblin unwields a +0 sling.
The goblin wields a +0 dagger.
The goblin hits you but does no damage.
Things that are here:
a +0 club; a hobgoblin corpse; a goblin corpse You hit Robin.
Robin is poisoned.
Robin is lightly wounded.
Robin hits you but does no damage. The goblin hits you but does no damage.
The goblin barely misses you.
You hit Robin.
Robin looks as sick as possible!
Robin is moderately wounded.
Robin closely misses you.
The goblin hits you but does no damage. x2
You hit Robin but do no damage.
Robin is moderately wounded.
Robin hits you but does no damage. The goblin barely misses you. x2
You barely miss Robin.
Robin is moderately wounded.
The goblin hits you with a +0 club. Robin throws the goblin at you!
The goblin hits you with a +0 dagger.
You hit Robin.
Robin looks as sick as possible!
Robin is severely wounded.
The goblin barely misses you.
Robin says, "My army is invincible!"
Robin throws the goblin at you! The goblin hits you with a +0 dagger.
You hit Robin but do no damage.
Robin is almost dead.
Robin hits you with a +0 whip.
* * * LOW HITPOINT WARNING * * *
The goblin hits you with a +0 club.
You die...

.............#
.............#
........†....#
.............# #.......
.............# #.......
##.........### #.......
#......)..# #.......
#.....g...#####
#.......
........@g......
#.......
#####..g........
#....... #...........
#....... #...........
#....... .............
#.......
.##.................##<
# #.................###
#.................#
.........


You could see Robin (extremely poisoned) and 2 goblins.

Vanquished Creatures
  A worm (D:2)
  An endoplasm (D:3)
  3 goblins (D:2)
  2 hobgoblins (D:2)
7 creatures vanquished.

Notes
Turn   | Place    | Note
-------+----------+-------------------------------------------
     0 | D:1      | zeez the Gargoyle Venom Mage began the quest for the Orb.
     0 | D:1      | Reached XP level 1. HP: 10/10 MP: 3/3
   147 | D:2      | You fall into a shaft and drop 1 floor!
   279 | D:2      | Reached XP level 2. HP: 15/15 MP: 5/5
   286 | D:2      | Noticed Robin
   301 | D:2      | Slain by a goblin

Illustrated notes

Levels and vault maps discovered:
D:1:      lemuel_arrival_hallway, layout_basic,
          shapermc_ecumenical_altar_flowoftime, corexii_leaking_fountain
D:2:      layout_basic, chequers_mini_garden, minmay_misc_feat_iff,
          chequers_arboretum, uniq_robin
D:3:      layout_rooms, chequers_temple_overflow_minitemple,
          amcnicky_altar_gilded, ebering_dispersal_statue_hall, glass_columns_a

Action                     || total
---------------------------++-------
  Melee: Dagger            ||    26
         Punch             ||     2
         Mace              ||     1
 Armour: Ring mail         ||    17
         Robe              ||     1
  Dodge: Dodged            ||    18

Table legend: (Time is in decaauts)
 A = Elapsed time spent in this place.
 B = Non-inter-level travel time spent in this place.
 C = Inter-level travel time spent in this place.
 D = Time resting spent in this place.
 E = Time spent auto-exploring this place.
 F = Levels seen in this place.
 G = Mean time per level.
                   A        B        C        D        E       F      G
               +--------+--------+--------+--------+--------+-----+--------+
         Total |    299 |    297 |      2 |      0 |     20 |   3 |   99.7 |
       Dungeon |    299 |    297 |      2 |      0 |     20 |   3 |   99.7 |
               +--------+--------+--------+--------+--------+-----+--------+

Top non-repeatable levels by time:
     D:2: 167 daAuts
     D:1: 71 daAuts
     D:3: 60 daAuts
